 Dungeon Crawl Stone Soup version 0.20-a0-251-g16a58bf (webtiles) character file.

878 nubinia the Grave Robber (level 7, -4/38 HPs)
             Began as a Deep Elf Necromancer on Nov 30, 2016.
             Slain by a hornet (8 damage)
             ... on level 6 of the Dungeon.
             The game lasted 00:27:22 (5615 turns).

nubinia the Grave Robber (Deep Elf Necromancer)     Turns: 5615, Time: 00:27:23

Health: -4/38      AC:  4    Str:  5    XL:     7   Next: 75%
Magic:  11/20      EV: 13    Int: 22    God:
Gold:   254        SH:  0    Dex: 15    Spells: 5/21 levels left

rFire  . . .     SeeInvis .     e - +2 dagger (drain)
rCold  . . .     Gourm    .     a - +0 robe
rNeg   + . .     Faith    .     (no shield)
rPois  .         Spirit   .     k - +1 helmet
rElec  .         Reflect  .     (no cloak)
rCorr  .         Harm     .     (no gloves)
MR     .....                    (no boots)
Stlth  +++.......               s - amulet of magic regeneration
                                (no ring)
                                q - ring of positive energy

@: about to teleport, slowed, very slow
A: no striking features
a: no special abilities


You were on level 6 of the Dungeon.
You were hungry.

You visited 1 branch of the dungeon, and saw 6 of its levels.

You collected 254 gold pieces.

Inventory:

Hand Weapons
 e - a +2 dagger of draining (weapon)
Missiles
 d - 11 tomahawks
 h - 312 stones (quivered)
 i - 23 poisoned needles
 x - 4 needles of paralysis
Armour
 a - a +0 robe (worn)
 k - a +1 helmet (worn)
Magical Staves
 t - an uncursed staff of death {unknown}
Jewellery
 q - a ring of positive energy (left hand)
 s - an amulet of magic regeneration (around neck)
 y - an uncursed amulet of the gourmand {unknown}
Scrolls
 m - a scroll of teleportation
 n - 2 scrolls of enchant armour
Potions
 f - a potion of invisibility
 g - 2 potions of mutation {unknown}
 l - 3 potions of might {unknown}
 u - a potion of berserk rage {unknown}
 v - a potion of curing {unknown}
 z - 2 potions of lignification {unknown}
 B - a potion of heal wounds {unknown}
 C - a potion of cancellation
 D - a potion of resistance {unknown}
Books
 b - a book of Necromancy

   Spells                             Type                      Level
   a - Pain                           Necromancy                   1
   b - Animate Skeleton               Necromancy                   1
   c - Vampiric Draining              Necromancy                   3
   d - Regeneration                   Charms/Necromancy            3
   e - Animate Dead                   Necromancy                   4
   f - Control Undead                 Necromancy                   4
Comestibles
 c - 4 bread rations
 j - 4 fruits
 o - 3 slices of pizza
 p - a meat ration
 w - a royal jelly
 A - a chunk of flesh


   Skills:
 + Level 1.0 Fighting
 + Level 2.7 Short Blades
 + Level 3.3 Dodging
 + Level 4.1 Stealth
 + Level 7.5 Spellcasting
 + Level 7.9 Necromancy


You had 5 spell levels left.
You knew the following spells:

 Your Spells              Type           Power        Failure   Level  Hunger
a - Pain                  Necr           ####         1%          1    None
b - Vampiric Draining     Necr           #####.....   1%          3    None
c - Control Undead        Necr           #####.....   3%          4    ###....
d - Animate Dead          Necr           N/A          3%          4    ###....
R - Regeneration          Chrm/Necr      ####......   6%          3    None
S - Animate Skeleton      Necr           N/A          1%          1    None


Dungeon Overview and Level Annotations

Branches:
Dungeon (6/15)
 Temple: D:4-7

Altars:
Dithmenos
Makhleb
Okawaru
Qazlal
Trog
Vehumet
Zin

Annotations:
D:5 Edmund, Eustachio, Pikel


Message History

Your centaur zombie hits the giant cockroach but does no damage.
The giant cockroach bites your centaur zombie.
The hornet stings you.
* * * LOW HITPOINT WARNING * * *
You feel yourself slow down.
Your centaur zombie hits the giant cockroach.
Unknown command.
Saving game... please wait.
You hear the hiss of flowing sand.
There is an entrance to an ossuary on this level.
Hurry and find it before the portal is buried!
Welcome back, nubinia the Deep Elf Necromancer.
Press ? for a list of commands and other information.
As you read the scroll of teleportation, it crumbles to dust.
You feel strangely unstable.
The giant cockroach bites your centaur zombie.
The hornet barely misses you.
Your centaur zombie closely misses the giant cockroach.
The giant cockroach bites your centaur zombie.
The hornet stings you!
You die...

,*,,,,,,,,,*,,,,#.....#.....#...#
,***********,,,,#....##(....#...#
,+,,,,*,,,,+,,,,##..........#...#
,*,,,,*,⌠,,*,,,,*#.........##...#
,*,,,,*,,⌠,*,,,,*#.........##?...
,*,,,,*,,,,*,,,,*#.s.............
*****+*+******####Z..............
,*,,,,*,,,,* #..............##..
,*,,,,*,,,,* #[@y...........##..
**,,,,*,,,,* #..................
,*>,,,*,,,>***#.l......#.........
,************,.........#.........
,* *......#####......... ,*
#......# #......<.) ** #......#
#......... ###....# ###...#..#
****** #...#..#


You could see a hornet, an iguana, a giant cockroach and a friendly centaur
zombie.

Vanquished Creatures
  Duvessa (D:5)
  2 ice beasts
  A slave (D:5)
  Dowan (D:5)
  A howler monkey (D:5)
  A hound (D:2)
  An orc priest (D:4)
  2 worker ants
  13 gnolls
  A howler monkey skeleton (D:4)
  10 adders
  3 worms (D:2)
  6 dart slugs
  5 leopard geckos
  13 orcs
  9 bats
  3 giant cockroaches
  11 goblins
  8 hobgoblins
  2 jackals (D:2)
  8 kobolds
  A quokka (D:4)
  7 frilled lizards
  6 rats
116 creatures vanquished.

Vanquished Creatures (collateral kills)
  A bullfrog (D:5)
  A crimson imp (D:5)
  An adder (D:4)
  An orc (D:3)
  A giant cockroach (D:3)
  A frilled lizard (D:1)
  A rat (D:3)
7 creatures vanquished.

Grand Total: 123 creatures vanquished

Notes
Turn   | Place    | Note
-------+----------+-------------------------------------------
     0 | D:1      | nubinia the Deep Elf Necromancer began the quest for the Orb.
     0 | D:1      | Reached XP level 1. HP: 10/10 MP: 6/6
    60 | D:1      | Learned a level 1 spell: Animate Skeleton
   114 | D:1      | Reached skill level 5 in Necromancy
   155 | D:1      | Reached XP level 2. HP: 8/15 MP: 1/8
   725 | D:1      | Reached XP level 3. HP: 17/19 MP: 9/9
   730 | D:1      | Learned a level 3 spell: Vampiric Draining
  1036 | D:2      | Reached skill level 1 in Short Blades
  1335 | D:2      | Found a bloodstained altar of Trog.
  1479 | D:2      | Reached XP level 4. HP: 10/24 MP: 7/12
  2020 | D:2      | Learned a level 4 spell: Control Undead
  2248 | D:2      | Reached skill level 5 in Spellcasting
  2251 | D:2      | Reached XP level 5. HP: 14/28 MP: 1/14
  2849 | D:3      | Learned a level 3 spell: Regeneration
  3284 | D:3      | Found a burning altar of Makhleb.
  3395 | D:3      | Found a shadowy altar of Dithmenos.
  3412 | D:3      | Found a stormy altar of Qazlal.
  3414 | D:3      | Found a radiant altar of Vehumet.
  3417 | D:3      | Found a glowing silver altar of Zin.
  3554 | D:3      | Reached XP level 6. HP: 27/33 MP: 16/16
  3891 | D:4      | Learned a level 4 spell: Animate Dead
  4540 | D:5      | Entered Level 5 of the Dungeon
  4540 | D:5      | Noticed an ice beast
  4548 | D:5      | Killed an ice beast
  4724 | D:5      | Noticed a slave
  4726 | D:5      | Noticed Pikel
  4739 | D:5      | Noticed Dowan
  4752 | D:4      | Reached XP level 7. HP: 25/37 MP: 18/18
  4929 | D:5      | Found an iron altar of Okawaru.
  4944 | D:5      | Noticed Eustachio
  5003 | D:5      | Noticed Edmund
  5094 | D:5      | Noticed Duvessa
  5226 | D:5      | Killed Duvessa
  5226 | D:5      | Reached skill level 1 in Fighting
  5234 | D:5      | Killed Dowan
  5608 | D:6      | Noticed a hornet
  5615 | D:6      | Slain by a hornet

Vault maps used:
D:1:      lemuel_arrival_tunnels
D:2:      trog_hazing_becter
D:3:      corexii_shack_village, makhleb_heckhound_becter, minitemple
D:4:      minmay_misc_feat_tiny
D:5:      first_bread, okawaru_trees_1, uniq_pikel, uniq_duvessa, uniq_edmund,
          uniq_eustachio
D:6:      minmay_klotski, basic_altar, enter_ossuary_2

Skill      XL: |  1  2  3  4  5  6  7 |
---------------+----------------------+-----
Necromancy     | 5 6 7 |  7.9
Short Blades   | 1 2 |  2.7
Spellcasting   | 4 5 6 7 |  7.5
Stealth        | 3 4 |  4.1
Dodging        | 3 |  3.3
Fighting       | 1 |  1.0

Action                   |  1- 3 |  4- 6 |  7- 9 || total
-------------------------+-------+-------+-------++-------
Melee: Dagger            |    45 |   128 |    41 ||   214
 Cast: Pain              |    34 |    48 |     6 ||    88
       Animate Skeleton  |    13 |    30 |     1 ||    44
       Vampiric Draining |     1 |    25 |    19 ||    45
       Regeneration      |       |     1 |       ||     1
       Animate Dead      |       |     4 |     2 ||     6
       Control Undead    |       |       |     2 ||     2
  Use: Scroll            |     3 |     7 |     4 ||    14
 Stab: Distracted        |     1 |       |       ||     1
       Sleeping          |     4 |    17 |     1 ||    22
  Eat: Chunk             |     1 |    13 |     3 ||    17
Armor: Robe              |     7 |    24 |    11 ||    42
Dodge: Dodged            |    21 |    93 |    42 ||   156
